Description

PiG's most recent beginner Terran build order. PiG suggests skipping the E-Bay if you're super new, but I don't find it to add any trouble to the build and having +1 attack on your push helps a ton because your Marine ball is pretty scary.

VOD

https://www.youtube.com/watch?v=J2pIZNCtIis&list=PLOrKQEirgvjAf-bgUzeqj3xSwIt8pxEOB

Build Order

Get SALT Encoding   

  14  0:18  Supply Depot  
  16  0:40  Barracks  
  16  0:50  Refinery  Send 16th SCV to scout
  19  1:28  Orbital Command  
  19  1:30  Barracks Reactor  Start Marine production
  19  1:43  Command Center  Natural expand
  19  2:05  Supply Depot  
  24  2:37  Factory, Refinery, Barracks  2nd gas
  31  3:34  Orbital Command  
  34  3:39  Barracks Tech Lab, Factory Tech Reactor  Marine HP then Stim, Full Marine and Tank production
  60  4:45  Engineering Bay, Refinery, Barracks, Starport  Third Rax, Third gas, +1 when finished
  65  5:30  Barracks Reactor, Starport Reactor  Medivac production
  78  5:45  Barracks x2  No addon
  115  7:00  Stimpack  Stim and +1 should finish now, so move out. Ideally you are sieging up on the enemy at 7:40 with at least five Tanks and 40 Marines
Spawning Tool Build Advisor. Get it on Overwolf

Go to:

Details

  • Created by: WiredAces
  • Published on: Aug 19, 2022
  • Modified on: Aug 19, 2022
  • Patch: 4.11.0
  • Difficulty: Easy
Show
View Real Time Build Order
Export as new Build Order

Comments (0)

There are no comments. Be the first!

Create an account to comment!